 Dungeon Crawl Stone Soup version 0.29.0-4-gdea44cf6ec (webtiles) character file.

Game seed: 2696967073755510209

4 qw the Trooper (level 1, -1/18 HPs)
             Began as a Barachi Chaos Knight on Sept 6, 2022.
             Slain by a neqoxec (3 damage)
             ... summoned by Xom
             ... on level 1 of the Dungeon.
             The game lasted 00:00:05 (135 turns).

qw the Trooper (Barachi Chaos Knight)                Turns: 135, Time: 00:00:06

Health: -1/18      AC:  5    Str: 13      XL:     1   Next: 60%
Magic:  0/1        EV: 11    Int: 12      God:
Gold:   17         SH:  0    Dex: 10 (11) Spells: 0/0 levels left

rFire   . . .      SeeInvis .   a - +0 hand axe (chaos)
rCold   . . .      Faith    .   (no shield)
rNeg    . . .      Spirit   .   b - +2 leather armour
rPois   .          Reflect  .   (no helmet)
rElec   .          Harm     .   (no cloak)
rCorr   .          Rampage  .   (no gloves)
Will    .....                   (no boots)
Stlth   +.........              (no amulet)
HPRegen 0.06/turn               (no ring)
MPRegen 0.07/turn               (no ring)

@: slow
A: amphibious, slowness 1, strong legs 1, +LOS
a: Hop


You were on level 1 of the Dungeon.
You visited 1 branch of the dungeon, and saw 1 of its levels.

You collected 17 gold pieces.


Innate Abilities, Weirdness & Mutations

You are amphibious.
You cover ground slowly.
You can hop short distances.
You have an extended range of vision and can be seen from far away.


   Skills:
 - Level 3.6 Fighting
 + Level 3.6 Axes
 - Level 2.4 Armour
 - Level 1.1 Dodging


You couldn't memorise any spells.
You didn't know any spells.
Your spell library was empty.

Inventory:

Hand Weapons
 a - a +0 hand axe of chaos (weapon)
 e - a +0 mace
Armour
 b - a +2 leather armour (worn)
Scrolls
 d - 4 scrolls of identify {unknown}
 f - a scroll of enchant armour {unknown}
Miscellaneous
 c - a piece from Xom's chessboard (15/15)

Dungeon Overview and Level Annotations

Branches:
Dungeon (1/15)

Altars:

Shops:
D:1 =


Message History

You barely miss the shadow imp. You closely miss the crimson imp.
The chaos spawn barely misses you. The quasit closely misses you.
The quasit claws you but does no damage. x2
The crimson imp barely misses you. The shadow imp barely misses you.
The crimson imp hits you but does no damage.
The chaos spawn closely misses you.
You miss the quasit.
The quasit is moderately wounded.
You barely miss the shadow imp. You closely miss the crimson imp.
You barely miss the chaos spawn.
You hit the crimson imp but do no damage.
You barely miss the chaos spawn. You closely miss the ice devil.
The chaos spawn closely misses you. The quasit closely misses you.
The quasit claws you but does no damage.
The quasit claws you.
You feel clumsy. The chaos spawn barely misses you.
The crimson imp hits you but does no damage.
The crimson imp barely misses you. The shadow imp closely misses you.
The ice devil closely misses you. The chaos spawn hits you.
You feel your power leaking away.
You hit the quasit but do no damage. Lightning courses through the quasit!
The quasit is severely wounded.
You hit the shadow imp.
You hit the crimson imp but do no damage.
The crimson imp flickers and vanishes!
Deactivating autopickup; reactivate with Ctrl-A.
You barely miss the chaos spawn.
You hit the crimson imp but do no damage.
You hit the chaos spawn but do no damage.
You hit the ice devil but do no damage.
Space warps around the ice devil!
You closely miss the neqoxec.
The quasit bites you but does no damage.
The quasit claws you but does no damage. x2
The chaos spawn barely misses you. Something hits you but does no damage.
The shadow imp gestures at you. Pain shoots through your body!
Ouch! That really hurt!
The neqoxec hits you.
You die...

.... ......# ...#######
...... ........# ......
#.......# ..... #.......#
..?. #.......# ..#
#.......# ###.# #.......#
#{54####+## #
#.......###5@3....... #
#.......##5445......# #
#.......##.#5......(# #
#.......'..#........#
#####.......####........#
....).#####.# #........#
......# #.# #........#
......# #.# #######+##
.....## ..#


You could see an ice devil (summoned), a neqoxec (summoned), 2 chaos spawn, a
quasit (summoned), a crimson imp (summoned), 2 white imps and a shadow imp
(summoned).

Vanquished Creatures
  2 endoplasms (D:1)
  A goblin (D:1)
3 creatures vanquished.

Notes
Turn   | Place    | Note
-------+----------+-------------------------------------------
     0 | D:1      | qw the Barachi Chaos Knight began the quest for the Orb.
     0 | D:1      | Reached XP level 1. HP: 18/18 MP: 1/1
     0 | D:1      | 0 ||| qw: Version: 0.1-a-108-g9e35731
     0 | D:1      | 0 ||| qw: Game counter: 6374
     0 | D:1      | 0 ||| qw: Always use a shield: true
     0 | D:1      | 0 ||| qw: God list: Okawaru
     0 | D:1      | 0 ||| qw: Allow faded altars: false
     0 | D:1      | 0 ||| qw: Do Orc after D:15 true
     0 | D:1      | 0 ||| qw: Do second Lair branch before Depths: true
     0 | D:1      | 0 ||| qw: Lair rune preference: random
     0 | D:1      | 0 ||| qw: Plans: Normal
     0 | D:1      | 0 ||| PLANNING D:1-11
     0 | D:1      | Fell from the grace of Xom
    32 | D:1      | Found Mewkoamu's Jewellery Shoppe.
    43 | D:1      | 43 ||| SHOPLISTING amulet of regeneration (300 gold, have
                  | 8).
    43 | D:1      | 43 ||| SHOPLISTING ring of Enal Mim {Drain rN+++ Int+6
                  | Dex-2 SInv} (584 gold, have 8).
    43 | D:1      | 43 ||| SHOPLISTING ring of fire (250 gold, have 8).
    43 | D:1      | 43 ||| SHOPLISTING ring of protection from fire (250 gold,
                  | have 8).
    43 | D:1      | 43 ||| SHOPLISTING ring of see invisible (150 gold, have
                  | 8).
   131 | D:1      | XOM: summons 10 hostile demons
   132 | D:1      | Noticed a chaos spawn
   132 | D:1      | Noticed a chaos spawn
   132 | D:1      | Noticed a quasit
   132 | D:1      | Noticed a neqoxec
   132 | D:1      | Noticed a crimson imp
   132 | D:1      | Noticed a crimson imp
   132 | D:1      | Noticed an ice devil
   135 | D:1      | HP: 2/18 [shadow imp/nerve-wracking pain[Xom] (11)]
   135 | D:1      | Slain by a neqoxec

Levels and vault maps discovered:
D:1:      giann_forest_graveyard, layout_basic, serial_shops, shop,
          shapermc_ecumenical_altar_ellora, amcnicky_mini_pool_small

Action                   || total
-------------------------++-------
Melee: Hand axe          ||     9
Invok: Renounce Religion ||     1
Armor: Leather armour    ||    10
Dodge: Dodged            ||    12

Table legend:
 A = Non-vault XP
 B = Vault XP
 C = Vault XP percentage of total XP
 D = Non-vault monster count
 E = Vault monster count
 F = Vault count percentage of total count
                 A         B        C        D         E       F
            +---------+---------+-------+---------+---------+-------
      Total |       6 |       0 |   0.0 |       3 |       0 |   0.0
            +---------+---------+-------+---------+---------+-------
        D:1 |       6 |       0 |   0.0 |       3 |       0 |   0.0
            +---------+---------+-------+---------+---------+-------
